 Dungeon Crawl Stone Soup version 0.14-a0-2644-gcc8e764 (webtiles) character file.

259 CrazyArbalest the Bolt Thrower (level 4, -2/32 HPs)
             Began as a Demonspawn Hunter on Feb 16, 2014.
             Killed from afar by an orc wizard (3 damage)
             ... with a magic dart
             ... on Level 3 of the Dungeon.
             The game lasted 00:11:47 (2412 turns).

CrazyArbalest the Bolt Thrower (Demonspawn Hunter)  Turns: 2412, Time: 00:11:48

HP  -2/32        AC  5     Str 13      XL: 4   Next: 61%
MP   4/4         EV 13     Int 13      God:
Gold 149         SH  0     Dex 13      Spells:  0 memorised,  3 levels left

rFire  . . .     SeeInvis .     i - +0 mace (curse)
rCold  . . .     Clarity  .     C - -1 robe (curse)
rNeg   . . .     Conserve .     (no shield)
rPois  .         rCorr    .     o - +0 helmet
rElec  .         rRot     .     y - +2 cloak
SustAb . .       Spirit   .     (no gloves)
rMut   .         Warding  .     (no boots)
Saprov . . .     Stasis   .     (no amulet)
MR     .....                    (no ring)
                                (no ring)

@: not resistant to hostile enchantments, fairly stealthy
A: powered by death 1
a: no special abilities


You were on level 3 of the Dungeon.
You were hungry.

You visited 1 branch of the dungeon, and saw 3 of its levels.

You collected 149 gold pieces.

Inventory:

Hand weapons
 a - a +0,+0 short sword
 b - a +1,+1 crossbow
 i - a cursed +0,+0 mace (weapon)
 m - a +2,+2 dwarven dagger of venom
 s - a +0,+0 whip
 z - a +1,+0 orcish mace
Missiles
 c - 20 bolts
Armour
 d - a +0 leather armour
 o - a +0 helmet (worn)
 y - a +2 cloak (worn)
 A - a +3 dwarven buckler
 C - a cursed -1 robe (worn)
Comestibles
 f - 3 bread rations
 h - a pear
 l - a meat ration
 p - a chunk of adder flesh
 x - a beef jerky
Scrolls
 k - a scroll of fog
 u - a scroll of recharging
 v - a scroll of teleportation
 B - a scroll of immolation {unknown}
Potions
 e - a potion of restore abilities
 g - 2 potions of might {unknown}
 j - a potion of mutation {unknown}
 n - a potion of heal wounds {unknown}
 q - a potion of speed {unknown}
 w - 2 potions of lignification {unknown}


   Skills:
 + Level 1.3 Fighting
 + Level 0.5 Maces & Flails
 * Level 4.3 Crossbows
 + Level 0.8 Armour
 + Level 3.0 Dodging
 + Level 1.4 Stealth


You had 3 spell levels left.
You didn't know any spells.

Dungeon Overview and Level Annotations

Branches:
Dungeon (3/16)

Altars:
Elyvilon


Innate Abilities, Weirdness & Mutations

You can steal the life force of nearby defeated enemies.


Message History

Something hits you.
You miss something.
You feel less regenerative. The orc hits you with an orcish club.
The orc completely misses you. Something hits you.
The orc hits you with an orcish club.
* * * LOW HITPOINT WARNING * * *
You closely miss something.
The orc hits you from afar with an orcish trident.
* * * LOW HITPOINT WARNING * * *
Something hits you.
* * * LOW HITPOINT WARNING * * *
The orc hits you but does no damage.
An orc priest comes into view. It is wielding an orcish dagger.
Drink which item? (? for menu, Esc to quit)
You feel refreshed.
It was a potion of restore abilities.
The orc priest shouts!
The orc misses you.
You hear some strange, mumbled words.
The magic dart hits you!
You die...

.######.##########.#####
#o# #.# # #.# #.# # #.#
#.# # #o# #.# # #J# #.#
# #o# #.# # #o# #.# #
#@# #.# # #.#
########.##### .o.
..............
###################


You could see a jelly, an orc priest and 4 orcs.

Vanquished Creatures
  4 gnolls
  3 adders
  A giant gecko (D:1)
  3 orcs (D:3)
  5 goblins
  6 hobgoblins
  A ball python (D:2)
  7 bats
  A giant cockroach (D:1)
  3 giant newts
  6 kobolds
  5 rats
45 creatures vanquished.

Notes
Turn   | Place    | Note
--------------------------------------------------------------
     0 | D:1      | CrazyArbalest, the Demonspawn Hunter, began the quest for the Orb.
     0 | D:1      | Reached XP level 1. HP: 15/15 MP: 1/1
   480 | D:1      | Reached skill level 4 in Crossbows
   497 | D:1      | Gained mutation: You can steal the life force of nearby defeated enemies. [demonic ancestry]
   497 | D:1      | Reached XP level 2. HP: 19/21 MP: 2/2
   799 | D:1      | Reached skill level 1 in Stealth
   987 | D:2      | Found a white marble altar of Elyvilon.
  1280 | D:2      | Reached XP level 3. HP: 19/26 MP: 3/3
  1830 | D:3      | Reached XP level 4. HP: 28/32 MP: 4/4
  2411 | D:3      | HP: 1/32 [something (4)]
  2412 | D:3      | Killed from afar by an orc wizard

Action                   |  1- 3 |  4- 6 || total
-------------------------+-------+-------++-------
Melee: Short sword       |    20 |       ||    20
       Mace              |   115 |    55 ||   170
  Use: Scroll            |     3 |       ||     3
       Potion            |       |     1 ||     1
